 Dungeon Crawl Stone Soup version 0.30-a0-557-ge2afbf3030 (webtiles) character file.

Game seed: 17690977402488860735

100 Newt the Sneak (level 4, -5/33 HPs)
             Began as a Demonspawn Gladiator on Dec 27, 2022.
             Slain by a gnoll
             ... wielding a +0 halberd
              (9 damage)
             ... on level 2 of the Dungeon.
             The game lasted 00:01:38 (1284 turns).

Newt the Sneak (Demonspawn Gladiator)               Turns: 1284, Time: 00:01:39

Health: -5/33      AC:  4    Str: 16    XL:     4   Next: 46%
Magic:  4/4        EV: 12    Int: 10    God:
Gold:   92         SH:  0    Dex: 14    Spells: 3/3 levels left

rFire   . . .      SeeInvis .    h - +0 war axe (heavy)
rCold   . . .      Faith    .    (no shield)
rNeg    . . .      Spirit   .    b - +0 leather armour
rPois   .          Reflect  .    c - +0 helmet
rElec   .          Harm     .    (no cloak)
rCorr   .          Rampage  .    (no gloves)
Will    .....                    (no boots)
Stlth   ++                       (no amulet)
HPRegen 0.25/turn                (no ring)
MPRegen 0.09/turn                (no ring)

@: hasted, very quick
A: claws 2, ignite blood 1
a: no special abilities


You were on level 2 of the Dungeon.
You visited 1 branch of the dungeon, and saw 2 of its levels.

You collected 92 gold pieces.

Inventory:

Hand Weapons
 a - a +0 rapier
 h - a +0 heavy war axe (weapon)
Missiles
 d - 3 throwing nets (quivered)
Armour
 b - a +0 leather armour (worn)
 c - a +0 helmet (worn)
 g - a +1 plate armour
Jewellery
 f - a ring of poison resistance
Scrolls
 e - 2 scrolls of immolation
Potions
 i - 2 potions of haste
 j - a potion of curing {unknown}
 k - a potion of might {unknown}
 l - a potion of mutation {unknown}
 m - a potion of ambrosia {unknown}
 n - a potion of degeneration {unknown}


   Skills:
 - Level 2.0 Fighting
 - Level 2.6 Short Blades
 + Level 2.4 Axes
 - Level 1.7 Throwing
 - Level 2.6 Dodging
 - Level 3.0 Stealth


You had 3 spell levels left.
You didn't know any spells.
Your spell library contained the following spells:

 Spells                   Type           Power      Damage    Failure   Level
 Apportation              Tloc           0%         N/A       43%         1
 Stone Arrow              Conj/Erth      0%         3d7       80%         3
 Animate Armour           Summ/Erth      0%         N/A       99%         4
 Lehudib's Crystal Spear  Conj/Erth      0%         10d2      100%        8


Dungeon Overview and Level Annotations

Branches:
Dungeon (2/15)

Altars:


Innate Abilities, Weirdness & Mutations

You have very sharp fingernails.
Your demonic aura sometimes causes spilled blood to erupt in flames.


Message History

You slash the goblin!
You kill the goblin!
You hit the endoplasm.
You kill the endoplasm!
You start resting.
HP restored.
You start waiting.
Done waiting.
As you read the scroll labelled HOULO RUM XITZ, it crumbles to dust.
It is a scroll of enchant armour.
Your +0 plate armour glows green for a moment.
Items here: ))) ÷÷ †.
Things that are here:
a +0 dagger; a +0 dagger; a hobgoblin corpse
n - a blue potion
Items here: )) [[ †.
Items here: )) [[ ÷.
Things that are here:
a +0 dagger; a +0 dagger; a hobgoblin skeleton
Items here: ))) ÷÷÷.
Items here: )))).
Found a dagger.
A gnoll comes into view. It is wielding a +0 spear.
Found a scroll labelled ITU TELIXEV.
A gnoll is nearby!
A gnoll comes into view. It is wielding a +0 halberd.
A gnoll comes into view. It is wielding a +0 club.
The gnoll shouts!
The gnoll barely misses you. The gnoll hits you with a +0 spear.
The gnoll hits you with a +0 halberd. The gnoll misses you.
The gnoll barely misses you.
You closely miss the gnoll. x2; You completely miss the gnoll.
The gnoll hits you with a +0 halberd! The gnoll hits you with a +0 spear.
The gnoll hits you with a +0 club. The gnoll barely misses you.
The gnoll hits you with a +0 club. The gnoll hits you with a +0 halberd.
* * * LOW HITPOINT WARNING * * *
Okay, then.
It was a potion of haste.
You feel yourself speed up. The gnoll hits you with a +0 halberd!
You die...

#. #)..#.# #.#
#.#.#.# ####.#
#.#.#.# ..#.#
#.#.#.# # #.#.#
#.#.#.#
#.##!#.#######.#.#.#
...................#
#.##.g.........#####
#..?g@..##.#####
......g...##.#
.............#
###.....######
##.#### #. #


You could see 3 gnolls.

Vanquished Creatures
  Natasha (D:2)
  Robin (D:2)
  An adder (D:2)
  A dart slug (D:2)
  5 bats
  4 endoplasms
  4 giant cockroaches (D:1)
  10 goblins
  3 hobgoblins (D:2)
  5 kobolds (D:1)
  3 quokkas
  5 ball pythons
  3 frilled lizards (D:1)
  6 rats
52 creatures vanquished.

Vanquished Creatures (others)
  A fungus (D:1)
1 creature vanquished.

Grand Total: 53 creatures vanquished

Notes
Turn   | Place    | Note
-------+----------+-------------------------------------------
     0 | D:1      | Newt the Demonspawn Gladiator began the quest for the Orb.
     0 | D:1      | Reached XP level 1. HP: 16/16 MP: 1/1
    29 | D:1      | Reached skill level 1 in Stealth
   333 | D:1      | Gained mutation: Your demonic aura sometimes causes spilled
                  | blood to erupt in flames. [demonic ancestry]
   333 | D:1      | Reached XP level 2. HP: 22/22 MP: 2/2
   403 | D:1      | Reached skill level 2 in Stealth
   404 | D:1      | Found a faded altar of an unknown god.
   424 | D:1      | Got Plato's Precepts of Elsewhere
   677 | D:1      | Gained mutation: You have sharp fingernails. [demonic
                  | ancestry]
   677 | D:1      | Reached XP level 3. HP: 24/27 MP: 3/3
   765 | D:2      | Noticed Natasha
   770 | D:2      | Killed Natasha
   771 | D:2      | Reached skill level 3 in Stealth
   771 | D:2      | Reached skill level 1 in Axes
   790 | D:2      | Gained mutation: You have very sharp fingernails. [demonic
                  | ancestry]
   790 | D:2      | Reached XP level 4. HP: 25/33 MP: 4/4
   963 | D:2      | Noticed Robin
   979 | D:2      | Killed Robin
  1284 | D:2      | Slain by a gnoll

Illustrated notes

Levels and vault maps discovered:
D:1:      roderic_chinese_lattice_arrival, layout_rooms,
          shapermc_ecumenical_altar_rom_forum, minmay_tripent
D:2:      layout_loops_ring, kennysheep_another_room,
          minmay_randomly_rotated_circles, uniq_natasha, uniq_robin

Skill      XL: |  1  2  3  4 |
---------------+-------------+-----
Stealth        | 1 2 3 |  3.0
Axes           | 1 2 |  2.4
Fighting       | |  2.0
Short Blades   | |  2.6
Throwing       | |  1.7
Dodging        | |  2.6

Action                   |  1- 3 |  4- 6 || total
-------------------------+-------+-------++-------
Melee: Rapier            |    39 |       ||    39
       War axe           |    43 |    27 ||    70
       Punch             |       |     1 ||     1
Throw: Javelin           |     1 |       ||     1
  Use: Scroll            |     2 |     1 ||     3
       Potion            |       |     1 ||     1
 Stab: Sleeping          |     5 |       ||     5
Armor: Leather armour    |    52 |    12 ||    64
Dodge: Dodged            |    93 |    48 ||   141

Table legend: (Time is in decaauts)
 A = Elapsed time spent in this place.
 B = Non-inter-level travel time spent in this place.
 C = Inter-level travel time spent in this place.
 D = Time resting spent in this place.
 E = Time spent auto-exploring this place.
 F = Levels seen in this place.
 G = Mean time per level.
                   A        B        C        D        E       F      G
               +--------+--------+--------+--------+--------+-----+--------+
         Total |   1367 |   1360 |      7 |    413 |    581 |   2 |  683.5 |
       Dungeon |   1367 |   1360 |      7 |    413 |    581 |   2 |  683.5 |
               +--------+--------+--------+--------+--------+-----+--------+

Top non-repeatable levels by time:
     D:1: 783 daAuts
     D:2: 584 daAuts
